 Dungeon Crawl Stone Soup version 0.27-a0-1232-gc6a4cbde82 (webtiles) character file.

Game seed: 12179805193152730038

42 mordus the Cudgeller (level 3, -7/36 HPs)
             Began as a Troll Monk on June 8, 2021.
             Killed by divine providence
             ... invoked by an orc priest
              (14 damage)
             ... on level 2 of the Dungeon.
             The game lasted 00:01:18 (710 turns).

mordus the Cudgeller (Troll Monk)                    Turns: 710, Time: 00:01:19

Health: -7/36      AC:  4    Str: 19    XL:     3   Next: 33%
Magic:  2/2        EV: 10    Int:  6    God:
Gold:   34         SH:  0    Dex: 13    Spells: 2/2 levels left

rFire    . . .     SeeInvis .   a - +0 mace
rCold    . . .     Faith    .   (no shield)
rNeg     . . .     Spirit   .   b - +0 robe
rPois    .         Reflect  .   (helmet restricted)
rElec    .         Harm     .   (no cloak)
rCorr    .         Rampage  .   (gloves unavailable)
Will     .....                  (boots unavailable)
Stlth    ++........             (no amulet)
HPRegen  1.12/turn              (no ring)
MPRegen  0.08/turn              (no ring)

@: no status effects
A: large, unfitting armour, claws 3, regeneration 1, shaggy fur 1, tough skin 1
a: no special abilities


You were on level 2 of the Dungeon.
You visited 1 branch of the dungeon, and saw 2 of its levels.

You collected 34 gold pieces.

Inventory:

Hand Weapons
 a - a +0 mace (weapon)
Armour
 b - a +0 robe (worn)
Scrolls
 c - 2 scrolls of identify {unknown}
 d - a scroll of fear {unknown}
 f - a scroll of blinking {unknown}
 h - a scroll of summoning {unknown}
Potions
 e - a potion of attraction {unknown}
 g - a potion of mutation {unknown}
 i - a potion of magic {unknown}
 j - a potion of curing {unknown}
 k - a potion of resistance {unknown}
 l - a potion of degeneration {unknown}


   Skills:
 + Level 2.8 Fighting
 * Level 3.6 Maces & Flails
 - Level 2.4 Dodging
 - Level 1.0 Stealth


You had 2 spell levels left.
You didn't know any spells.
Your spell library was empty.

Dungeon Overview and Level Annotations

Branches:
Dungeon (2/15)

Altars:

Shops:
D:1 [   D:2 [


Innate Abilities, Weirdness & Mutations

You are too large for most types of armour.
You have claws for hands.
Your natural rate of healing is unusually fast.
You are covered in fur. (AC +1)
You have tough skin. (AC +1)


Message History

The orc priest is severely wounded.
You bump into the rock wall.
The orc priest hits you with a +0 hand axe.
Something hits you but does no damage.
You're too confused to move!
You feel less confused.
The orc priest calls down the wrath of Beogh upon you.
Pain shoots through your body!
You hear some strange, mumbled words.
You are confused.
You bump into the rock wall.
You hear some strange, mumbled words.
A puff of flame appears from out of thin air!
The puff of flame hits something.
The orc priest hits you with a +0 hand axe!
You hear some strange, mumbled words.
A magic dart appears from out of thin air!
The magic dart hits you.
* * * LOW HITPOINT WARNING * * *
You miss the orc priest.
The orc priest is severely wounded.
The orc priest hits you with a +0 hand axe.
* * * LOW HITPOINT WARNING * * *
You hear some strange, mumbled words.
Something tries to affect you, but you resist.
You bump into the rock wall.
The orc priest hits you with a +0 hand axe.
* * * LOW HITPOINT WARNING * * *
Something hits you.
* * * LOW HITPOINT WARNING * * *
Unknown command.
The orc priest hits you but does no damage.
You bump into the rock wall.
You feel less confused. Something completely misses you.
A puff of flame appears from out of thin air!
The puff of flame hits something.
The orc priest invokes the aid of Beogh against you.
Beogh smites you!
You die...

#.... #....#..#.....#.......#
#...####.#........PP.#.......#
#.......<.....#..P∩P.#.......#
.....##...#.#....PPP.#####.###
#.##.##..†...o†......#
#..#........#{#..#.###
#............##...#
....###...##.o.# ##(#
.##...........@#......
.........(.............
.............#.........
###..........##.######
#..........# ## #..........#
#..........# ....... #######


You could see an orc priest and an orc.

Vanquished Creatures
  An adder (D:2)
  A dart slug (D:1)
  An orc (D:2)
  3 bats
  An endoplasm (D:1)
  A giant cockroach (D:1)
  3 goblins (D:1)
  4 hobgoblins
  3 jackals (D:2)
  3 quokkas
  4 ball pythons
  A rat (D:2)
26 creatures vanquished.

Vanquished Creatures (others)
  3 demonic plants (D:2)
  2 plants (D:2)
  3 withered plants (D:2)
8 creatures vanquished.

Grand Total: 34 creatures vanquished

Notes
Turn   | Place    | Note
-------+----------+-------------------------------------------
     0 | D:1      | mordus the Troll Monk began the quest for the Orb.
     0 | D:1      | Reached XP level 1. HP: 22/22 MP: 0/0
   163 | D:1      | Reached skill level 3 in Maces & Flails
   201 | D:1      | Reached XP level 2. HP: 29/29 MP: 1/1
   406 | D:1      | Found Mistajy's Antique Armour Boutique.
   637 | D:2      | Reached XP level 3. HP: 36/36 MP: 2/2
   661 | D:2      | Found Ryzeifremui's Antique Armour Emporium.
   710 | D:2      | Killed from afar by an orc priest

Illustrated notes

Levels and vault maps discovered:
D:1:      dpeg_arrival_prison, layout_basic, serial_shops, shop
D:2:      cheibrodos_pilgrimage, layout_rooms, serial_shops,
          nicolae_shop_overgrown_old_shop, shapermc_ecumenical_altar_gd

Skill      XL: |  1 |
---------------+----+-----
Maces & Flails | 3 |  3.6
Fighting       | |  2.8
Dodging        | |  2.4
Stealth        | |  1.0

Action                   || total
-------------------------++-------
Melee: Mace              ||    95
 Stab: Sleeping          ||     1
Armor: Robe              ||    46
Dodge: Dodged            ||    67

Table legend: (Time is in decaauts)
 A = Elapsed time spent in this place.
 B = Non-inter-level travel time spent in this place.
 C = Inter-level travel time spent in this place.
 D = Time resting spent in this place.
 E = Time spent auto-exploring this place.
 F = Levels seen in this place.
 G = Mean time per level.
                   A        B        C        D        E       F      G
               +--------+--------+--------+--------+--------+-----+--------+
         Total |    731 |    725 |      6 |      0 |    489 |   2 |  365.5 |
       Dungeon |    731 |    725 |      6 |      0 |    489 |   2 |  365.5 |
               +--------+--------+--------+--------+--------+-----+--------+

Top non-repeatable levels by time:
     D:1: 483 daAuts
     D:2: 247 daAuts
